 Dungeon Crawl Stone Soup version 0.28-a0-802-g09f76e8c00 (webtiles) character file.

Game seed: 3320218909329599156

294 siradein the Skirmisher (level 6, -1/48 HPs)
             Began as a Demonspawn Berserker on Nov 6, 2021.
             Was a Believer of Trog.
             Succumbed to a goblin's poison
             ... on level 2 of the Dungeon.
             The game lasted 00:03:25 (2378 turns).

siradein the Skirmisher (Demonspawn Berserker)      Turns: 2378, Time: 00:03:25

Health: -1/48      AC: 11    Str: 18    XL:     6   Next: 11%
Magic:  6/6        EV: 11    Int:  8    God:    Trog [**....]
Gold:   67         SH:  0    Dex: 14    Spells: 5/5 levels left

rFire   . . .      SeeInvis .   d - +0 glaive
rCold   . . .      Faith    .   (shield currently unavailable)
rNeg    . . .      Spirit   .   a - +0 scale mail
rPois   .          Reflect  .   l - +0 helmet
rElec   .          Harm     .   (no cloak)
rCorr   .          Rampage  .   h - +0 pair of gloves
Will    .....                   (no boots)
Stlth   ..........              (no amulet)
HPRegen 0.16/turn               (no ring)
MPRegen 0.10/turn               (no ring)

@: lethally poisoned (-1 -> -6), on berserk cooldown, slowed, very slow
A: molten scales 1, weakness stinger 1
a: Renounce Religion, Berserk, Trog's Hand


You were on level 2 of the Dungeon.
You worshipped Trog.
Trog was pleased with you.
You visited 1 branch of the dungeon, and saw 3 of its levels.

You collected 67 gold pieces.

Inventory:

Hand Weapons
 d - a +0 glaive (weapon)
Missiles
 n - 2 boomerangs (quivered)
Armour
 a - a +0 scale mail (worn)
 h - a +0 pair of gloves (worn)
 l - a +0 helmet (worn)
Wands
 i - a wand of iceblast (7)
Scrolls
 c - a scroll of enchant weapon {unknown}
 e - 2 scrolls of identify {unknown}
 g - a scroll of blinking {unknown}
 j - 3 scrolls of silence {unknown}
Potions
 b - a potion of curing {unknown}
 f - a potion of experience {unknown}
 k - a potion of brilliance {unknown}
 m - a potion of haste {unknown}


   Skills:
 + Level 4.3 Fighting
 + Level 3.8 Polearms
 + Level 3.2 Armour
 + Level 3.2 Dodging


You had 5 spell levels left.
You didn't know any spells.
Your spell library was empty.

Dungeon Overview and Level Annotations

Branches:
Dungeon (3/15)

Altars:

Annotations:
D:3 Robin


Innate Abilities, Weirdness & Mutations

You are partially covered in molten scales. (AC +2)
You have a small tail.


Message History

The goblin goes into a battle-frenzy!
You are no longer berserk.
You are exhausted.
You feel yourself slow down.
The hobgoblin no longer looks unusually strong.
Robin roars a battlecry!
The hobgoblin goes into a battle-frenzy!
A goblin comes into view. It is wielding a +0 dagger.
Things that are here:
a +0 club; a goblin corpse Robin throws the goblin at you!
The goblin hits you with a +0 dagger of venom.
You are poisoned.
You feel very sick.
The hobgoblin no longer looks unusually strong.
Robin roars a battlecry!
The hobgoblin goes into a battle-frenzy!
The goblin misses you. The goblin hits you but does no damage.
Things that are here:
a +0 dagger; a +0 hunting sling; 18 stones You feel sick.
The goblin hits you but does no damage.
You are more poisoned.
You feel very sick.
The goblin hits you with a +0 dagger of venom.
* * * LOW HITPOINT WARNING * * *
You are lethally poisoned!
There is a stone staircase leading up here.
* * * LOW HITPOINT WARNING * * *
You feel very sick.
The goblin no longer looks unusually strong.
Robin says, "Bow before me, strongest of all the hobgoblins!"
The goblin closely misses you.
You climb upwards.
* * * LOW HITPOINT WARNING * * *
You feel very sick.
There is a stone staircase leading down here.
* * * LOW HITPOINT WARNING * * *
You feel sick. The goblin barely misses you.
You closely miss the goblin.
You die...

###########
#.........########
#.####.....>......
#.# #.........###
#.# ###.####.##
#####.######.# #.#
#..........#.# #)#
#.###.####.#.#
#.#### #.# #@#
#.#.# #.#... #####
#.# #g# #...#
#.#.## #.).####.#
#.## ###.# #.#.##
#........# #..#
#.# #....#
#...###### ##.#
#.# ###..# ##.##
#.# #.# #..# #.#
#.# #.######†.#
#.# #.#
#.........# #.#
#.# ##.........#


You could see a goblin (strong).

Vanquished Creatures
  Grinder (D:3)
  6 adders (D:2)
  A worm (D:3)
  A dart slug (D:2)
  An endoplasm (D:2)
  2 giant cockroaches (D:1)
  7 goblins
  3 hobgoblins
  5 kobolds
  2 quokkas
  3 ball pythons (D:1)
  5 bats
  6 frilled lizards
  4 rats (D:1)
47 creatures vanquished.

Notes
Turn   | Place    | Note
-------+----------+-------------------------------------------
     0 | D:1      | siradein the Demonspawn Berserker began the quest for the
                  | Orb.
     0 | D:1      | Reached XP level 1. HP: 18/18 MP: 1/1
   255 | D:1      | Gained mutation: You are partially covered in molten
                  | scales. (AC +2) [demonic ancestry]
   255 | D:1      | Reached XP level 2. HP: 15/24 MP: 2/2
   495 | D:1      | Found a faded altar of an unknown god.
  1306 | D:2      | Gained mutation: You have a small tail. [demonic ancestry]
  1306 | D:2      | Reached XP level 3. HP: 29/29 MP: 3/3
  1672 | D:2      | Reached ** piety under Trog
  1994 | D:2      | Reached XP level 4. HP: 36/36 MP: 4/4
  2351 | D:3      | Noticed Grinder
  2353 | D:3      | Noticed Robin
  2360 | D:3      | Paralysed by Grinder for 4 turns
  2365 | D:3      | Killed Grinder
  2366 | D:3      | Reached skill level 4 in Fighting
  2366 | D:3      | Reached XP level 5. HP: 38/42 MP: 5/5
  2366 | D:3      | Reached XP level 6. HP: 43/48 MP: 6/6
  2377 | D:2      | HP: 2/48 [poisoned by a goblin]
  2378 | D:2      | Succumbed to a goblin's poison

Illustrated notes

Levels and vault maps discovered:
D:1:      dpeg_arrival_houses_and_road, layout_loops_ring,
          basic_ecumenical_altar, serial_glass, glass_columns_a, glass_columns_a
D:2:      layout_loops_ring
D:3:      layout_basic, uniq_robin, uniq_grinder

Skill      XL: |  1  2  3  4 |
---------------+-------------+-----
Dodging        | 2 3 |  3.2
Armour         | 2 3 |  3.2
Polearms       | 3 |  3.8
Fighting       | 4 |  4.3

Action                   |  1- 3 |  4- 6 || total
-------------------------+-------+-------++-------
Melee: Spear             |    27 |       ||    27
       Glaive            |   123 |    31 ||   154
       Tailslap          |     1 |     6 ||     7
Invok: Berserk           |     2 |     1 ||     3
Armor: Animal skin       |    12 |       ||    12
       Scale mail        |    67 |    21 ||    88
Dodge: Dodged            |    96 |    24 ||   120

Table legend: (Time is in decaauts)
 A = Elapsed time spent in this place.
 B = Non-inter-level travel time spent in this place.
 C = Inter-level travel time spent in this place.
 D = Time resting spent in this place.
 E = Time spent auto-exploring this place.
 F = Levels seen in this place.
 G = Mean time per level.
                   A        B        C        D        E       F      G
               +--------+--------+--------+--------+--------+-----+--------+
         Total |   2481 |   2415 |     66 |     48 |   1819 |   3 |  827.0 |
       Dungeon |   2481 |   2415 |     66 |     48 |   1819 |   3 |  827.0 |
               +--------+--------+--------+--------+--------+-----+--------+

Top non-repeatable levels by time:
     D:1: 1338 daAuts
     D:2: 978 daAuts
     D:3: 164 daAuts
